 Dungeon Crawl Stone Soup version 0.30.1-11-g7821555f0a (webtiles) character file.

Game seed: 5996015049003117502

151 SacredBeard the Chopper (level 5, -1/47 HPs)
             Began as a Hill Orc Fighter on Nov 27, 2023.
             Splashed by a jelly's acid (8 damage)
             ... in a sewer.
             The game lasted 00:04:28 (1961 turns).

SacredBeard the Chopper (Hill Orc Fighter)          Turns: 1961, Time: 00:04:30

Health: -1/47      AC:  0    Str: 21    XL:     5   Next: 33%
Magic:  5/5        EV:  9    Int:  8    God:
Gold:   131        SH:  4    Dex: 10    Spells: 4/4 levels left

rFire   . . .        a - +0 war axe
rCold   . . .        c - +0 buckler
rNeg    . . .        b - +0 scale mail
rPois   .            (no helmet)
rElec   .            (no cloak)
rCorr   .            (no gloves)
SInv    .            (no boots)
Will    .....        (no amulet) Stlth
                     f - +4 ring of protection
HPRegen 0.27/turn    (no ring)
MPRegen 0.09/turn

%: no passive effects
@: corroded
A: no striking features
a: no special abilities


You were in a sewer.
You visited 1 branch of the dungeon, and saw 3 of its levels.
You also visited: Sewer.

You collected 131 gold pieces.

Inventory:

Hand Weapons
 a - a +0 war axe (weapon)
Missiles
 m - 8 stones (quivered)
Armour
 b - a +0 scale mail (worn)
 c - a +0 buckler (worn)
Jewellery
 f - a +4 ring of protection (left hand)
Scrolls
 e - 3 scrolls of identify {unknown}
 h - a scroll of butterflies {unknown}
 i - 2 scrolls of enchant armour {unknown}
 l - a scroll of enchant weapon {unknown}
 o - a scroll of teleportation {unknown}
 p - a scroll of fog {unknown}
 q - a scroll of fear {unknown}
Potions
 d - 3 potions of might
 g - a potion of haste {unknown}
 j - 2 potions of degeneration {unknown}
 k - a potion of berserk rage {unknown}
 n - a potion of lignification {unknown}
 r - a potion of heal wounds {unknown}


   Skills:
 + Level 4.3 Fighting
 * Level 4.6 Axes
 + Level 1.1 Throwing
 + Level 3.9 Armour
 - Level 1.0 Dodging
 + Level 3.9 Shields


You had 4 spell levels left.
You didn't know any spells.
Your spell library contained the following spells:

 Spells                   Type           Power      Damage    Failure   Level
 Apportation              Tloc           0%         N/A       80%         1
 Necrotise                Necr           0%         1d4       80%         1
 Summon Small Mammal      Summ           0%         N/A       80%         1


Dungeon Overview and Level Annotations

Branches:
Dungeon (3/15) Zot: 16134   Sewer (1/1) Zot: 5844

Altars:


Message History

You kill the rat!
You throw a stone.
The stone hits the endoplasm but does no damage.
You slash the endoplasm!
You kill the endoplasm!
You slash the jelly!
Your hands burn!
The jelly is severely wounded.
You block the jelly's attack.
The jelly hits you but does no damage. x2
You slash the jelly!
You kill the jelly!
You hit the jelly but do no damage.
Your hands burn!
The jelly hits you.
You are splashed with acid!
You are too injured to fight recklessly!
You are too injured to fight recklessly!
You are too injured to fight recklessly!
You hit the jelly. The acid corrodes you!
Your hands burn!
The jelly is moderately wounded.
The jelly hits you but does no damage.
You barely miss the jelly.
The jelly is moderately wounded.
The jelly barely misses you.
You hit the jelly but do no damage. The acid corrodes you!
Your hands burn!
The jelly is moderately wounded.
The jelly hits you but does no damage. The jelly hits you.
The acid corrodes you!
You are splashed with acid.
You hit the jelly.
Your hands burn!
* * * LOW HITPOINT WARNING * * *
The jelly is severely wounded.
The jelly barely misses you.
You hit the jelly but do no damage.
Your hands burn!
* * * LOW HITPOINT WARNING * * *
The jelly is severely wounded.
The jelly barely misses you.
You hit the jelly.
Your hands burn!
* * * LOW HITPOINT WARNING * * *
The jelly is almost dead.
The jelly hits you.
* * * LOW HITPOINT WARNING * * *
You are splashed with acid!
You die...

~~. #### #####.~##
#...# #
##..~.#.~.##~..~ .~
##∩.~.~.~..#..~# ~~.
#~~~ #.~..~~..# ..~.
#~~# .~.~~.~#
~.~..##.~# ##~~~~#
#..~J..## ##~.†..##
#~.~@..###.~.~~..##
####~~~~...~##..~.###
##.~....####~.~.~#
####.~##..##.†~..
#..#.~.####..~
#..~.~## ##.~ ##~~~##
#.~ ##### ##~
########## #.


You could see a jelly.

Vanquished Creatures
  2 jellies (Sewer)
  3 adders
  A worm (Sewer)
  8 endoplasms
  6 giant cockroaches
  6 goblins
  3 hobgoblins
  2 quokkas (D:1)
  9 ball pythons
  6 bats
  7 frilled lizards
  6 rats
59 creatures vanquished.

Notes
Turn   | Place    | Note
-------+----------+-------------------------------------------
     0 | D:1      | SacredBeard the Hill Orc Fighter began the quest for the
                  | Orb.
     0 | D:1      | Reached XP level 1. HP: 19/19 MP: 1/1
    48 | D:1      | HP: 1/20 [goblin/+0 dagger (1)]
    50 | D:1      | Reached XP level 2. HP: 2/27 MP: 2/2
   514 | D:1      | Reached XP level 3. HP: 30/33 MP: 3/3
  1026 | D:2      | Reached skill level 1 in Dodging
  1805 | D:3      | Found a glowing drain.
  1811 | D:3      | Reached XP level 4. HP: 40/40 MP: 4/4
  1824 | Sewer    | Entered a sewer
  1927 | Sewer    | Reached skill level 1 in Throwing
  1927 | Sewer    | Reached XP level 5. HP: 43/46 MP: 5/5
  1961 | Sewer    | Splashed by a jelly's acid

Illustrated notes

Levels and vault maps discovered:
D:1:      nzn_arrival_crosshair, layout_loops_ring
D:2:      layout_loops_corners, minmay_heptomino_l4
D:3:      layout_loops_ring, nemelex_dance_club_becter,
          nicolae_hepliaklqana_monster_ancestors, elyvilon_altar_5,
          portal_sewer_entry_a, kennysheep_generic_room_11
Sewer:    sewer_hellmonk_slimy_pipes

Skill      XL: |  1  2  3  4 |
---------------+-------------+-----
Axes           | 3 4 |  4.6
Dodging        | 1 |  1.0
Fighting       | 4 |  4.3
Throwing       | 1 |  1.1
Armour         | |  3.9
Shields        | |  3.9

Action                     |  1- 3 |  4- 6 || total
---------------------------+-------+-------++-------
  Melee: War axe           |   107 |    40 ||   147
  Throw: Stone             |       |     3 ||     3
 Armour: Scale mail        |    71 |    20 ||    91
  Dodge: Dodged            |    47 |    15 ||    62
  Block: Buckler           |    29 |     9 ||    38
